 Dungeon Crawl Stone Soup version 0.30-a0-824-g6c64550be9 (webtiles) character file.

Game seed: 7815676859794363395

280 zenocrate the Shooter (level 6, -2/44 HPs)
             Began as a Formicid Hunter on Feb 28, 2023.
             Slain by a bullfrog zombie (3 damage)
             ... on level 3 of the Dungeon.
             The game lasted 00:03:21 (2338 turns).

zenocrate the Shooter (Formicid Hunter)             Turns: 2338, Time: 00:03:21

Health: -2/44      AC:  6    Str: 25    XL:     6   Next: 52%
Magic:  5/5        EV: 12    Int: 10    God:
Gold:   180        SH:  0    Dex: 18    Spells: 5/5 levels left

rFire   . . .      SeeInvis +    b - +10 long sword of the Lamprey {antimagic, Int+2}
rCold   . . .      Faith    .    (no shield)
rNeg    . . .      Spirit   .    c - +0 leather armour
rPois   .          Reflect  .    (helmet unavailable)
rElec   .          Harm     .    r - +1 cloak
rCorr   .          Rampage  .    (no gloves)
Will    +....                    p - +0 pair of boots
Stlth   ++                       (no amulet)
HPRegen 0.27/turn                f - ring of magical power
MPRegen 0.09/turn                i - +6 ring of strength

@: brilliant
A: permanent stasis, dig shafts and tunnels, antennae 3, four strong arms,
strong-willed 1, strong 1
a: Dig, Shaft Self


You were on level 3 of the Dungeon.
You visited 1 branch of the dungeon, and saw 3 of its levels.

You collected 180 gold pieces.

Inventory:

Hand Weapons
 a - a +0 shortbow
 b - the +10 long sword of the Lamprey (weapon) {antimagic, Int+2}
   (You found it on level 3 of the Dungeon)

   Int:       It affects your intelligence (+2).
Armour
 c - a +0 leather armour (worn)
 e - a +0 tower shield
 p - a +0 pair of boots (worn)
 r - a +1 cloak (worn)
Jewellery
 d - a ring of fire
 f - a ring of magical power (left hand)
 i - a +6 ring of strength (right hand)
Scrolls
 g - a scroll of fog {unknown}
 j - a scroll of blinking {unknown}
 l - a scroll of vulnerability {unknown}
 q - a scroll of immolation
Potions
 h - a potion of mutation
 o - a potion of ambrosia {unknown}
 s - a potion of attraction {unknown}
 t - a potion of invisibility {unknown}


   Skills:
 - Level 2.1 Fighting
 + Level 2.3 Long Blades
 + Level 6.8 Ranged Weapons
 - Level 1.7 Dodging
 - Level 1.2 Stealth


You had 5 spell levels left.
You didn't know any spells.
Your spell library contained the following spells:

 Spells                   Type           Power      Damage    Failure   Level
 Sandblast                Erth           0%         2d4       41%         1
 Sting                    Tmut/Pois      0%         1d3       41%         1
 Lesser Beckoning         Tloc           0%         N/A       54%         2
 Momentum Strike          Conj/Tloc      0%         3d8       54%         2
 Passwall                 Tmut/Erth      0%         N/A       54%         2
 Poisonous Vapours        Pois/Air       0%         N/A       54%         2
 Scorch                   Fire           0%         2d5       54%         2
 Stone Arrow              Conj/Erth      0%         3d7       78%         3
 Flame Wave               Conj/Fire      0%         2d4       99%         4
 Olgreb's Toxic Radiance  Pois           0%         N/A       99%         4
 Summon Cactus Giant      Summ           0%         N/A       100%        6
 Blink                    Tloc           Unusable   N/A       N/A         2

Dungeon Overview and Level Annotations

Branches:
Dungeon (3/15)

Altars:
Ru
Uskayaw
Zin


Innate Abilities, Weirdness & Mutations

You cannot be hasted, slowed, berserked, paralysed or teleported.
You can dig through walls and to a lower floor.
You have a pair of large antennae on your head. (SInv)
Your four strong arms can wield two-handed weapons with a shield.
You are strong-willed. (Will+)
Your muscles are strong. (Str +4, Int/Dex -1)


Message History

The bullfrog skeleton hits you.
* * * LOW HITPOINT WARNING * * *
You feel better.
The bullfrog skeleton hits you but does no damage.
Oldplebian's ghost closely misses you.
The howler monkey skeleton hits you but does no damage.
You feel better. The bullfrog skeleton hits you.
Oldplebian's ghost hits you but does no damage.
The howler monkey skeleton closely misses you.
You barely miss oldplebian's ghost.
Oldplebian's ghost is almost destroyed.
The bullfrog skeleton hits you.
Oldplebian's ghost hits you but does no damage.
The howler monkey skeleton closely misses you.
The bullfrog skeleton hits you.
* * * LOW HITPOINT WARNING * * *
You hit oldplebian's ghost.
You destroy oldplebian's ghost!
The bullfrog skeleton hits you.
* * * LOW HITPOINT WARNING * * *
The howler monkey skeleton hits you but does no damage.
The bullfrog skeleton barely misses you.
The howler monkey skeleton closely misses you.
Your Long Blades skill increases to level 2!
It was a potion of brilliance.
You feel clever all of a sudden. The bullfrog zombie misses you.
The bullfrog skeleton barely misses you.
The howler monkey skeleton misses you.
The bullfrog zombie completely misses you.
You hit the bullfrog zombie.
The bullfrog zombie is lightly damaged.
The bullfrog skeleton hits you but does no damage.
The bullfrog zombie hits you.
* * * LOW HITPOINT WARNING * * *
The howler monkey skeleton closely misses you.
The bullfrog skeleton barely misses you.
It was a potion of magic.
Magic courses through your body. The bullfrog zombie hits you.
You die...

#####...#####..#.....######......
....#.### #......#...##...##.....
###.#.#####.##.##..♣....♣.>#.....
###..................##...##.####
.####.###(..........)#######..#
....................#'.####...#
..........).........#...#...###
...............Z....#.♣.#####
...............Z@...#...#
..........###''Z######<##
..........#.......# ###
..........##.....#####.#
#.≈.8.≈.###?......#..#.#
..≈§..≈.# ##.$)..###...#
#.≈≈.§≈§###..#.#..#....####
#.≈§.≈§..##########.##....# #
#.≈≈.≈≈..##### ###...####.#### #


You could see a bullfrog zombie, a bullfrog skeleton and a howler monkey
skeleton.

Vanquished Creatures
  The ghost of oldplebian the Chopper, an amateur HOCA of Ignis (D:3)
  Crazy Yiuf (D:3)
  3 gnolls (D:2)
  7 adders
  An ufetubus (D:3)
  2 dart slugs
  An orc (D:3)
  5 ball pythons
  4 endoplasms
  5 giant cockroaches
  2 goblins (D:2)
  2 hobgoblins (D:2)
  6 jackals
  6 kobolds
  2 quokkas
  5 bats
  5 frilled lizards
  5 rats
63 creatures vanquished.

Notes
Turn   | Place    | Note
-------+----------+-------------------------------------------
     0 | D:1      | zenocrate the Formicid Hunter began the quest for the Orb.
     0 | D:1      | Reached XP level 1. HP: 16/16 MP: 1/1
   102 | D:1      | Reached XP level 2. HP: 21/22 MP: 2/2
   422 | D:1      | Reached XP level 3. HP: 27/27 MP: 3/3
   877 | D:2      | Reached skill level 5 in Ranged Weapons
   944 | D:2      | Gained mutation: You are strong-willed. (Will+) [potion of
                  | mutation]
   944 | D:2      | Gained mutation: Your muscles are strong. (Str +4, Int/Dex
                  | -1) [potion of mutation]
   971 | D:2      | Reached XP level 4. HP: 10/32 MP: 4/4
  1249 | D:2      | Reached skill level 6 in Ranged Weapons
  1249 | D:2      | Reached XP level 5. HP: 38/38 MP: 5/5
  1563 | D:3      | Found a runed translucent gate.
  1563 | D:3      | Found a runed translucent gate.
  1563 | D:3      | Found a runed translucent gate.
  1619 | D:3      | Noticed oldplebian's ghost (amateur HOCA)
  1624 | D:3      | Found a sacrificial altar of Ru.
  1648 | D:3      | Identified the +10 long sword of the Lamprey {antimagic,
                  | Int+2}
  1698 | D:3      | Found a runed translucent door.
  1699 | D:3      | Noticed Crazy Yiuf
  1754 | D:3      | Killed Crazy Yiuf
  1855 | D:3      | Reached skill level 1 in Long Blades
  1978 | D:3      | Reached XP level 6. HP: 44/44 MP: 6/6
  2000 | D:3      | Found a hide-covered altar of Uskayaw.
  2236 | D:3      | Found a glowing silver altar of Zin.
  2331 | D:3      | HP: 2/44 [oldplebian's ghost (2)]
  2335 | D:3      | Killed oldplebian's ghost
  2337 | D:3      | HP: 1/44 [bullfrog zombie (6)]
  2338 | D:3      | Slain by a bullfrog zombie

Illustrated notes

Levels and vault maps discovered:
D:1:      minmay_arrival_wavy_path, layout_basic, serial_glass, glass_columns_a,
          glass_columns_a, glass_columns_a, glass_columns_a, glass_columns_a,
          glass_columns_a
D:2:      layout_basic
D:3:      layout_rooms, mainiacjoe_overflow_catwalk_spiral,
          mainiacjoe_overflow_catwalk, gammafunk_ghost_necromancy, minivault_24,
          moated_statue, minmay_misc_feat_secret_circle, grunt_ministairs_4,
          minivault_14, minmay_misc_feat_nine_boxes,
          chequers_serial_rivers_micro_d, nicolae_elevator_lobby_asterisk,
          uniq_crazy_yiuf_cottage

Skill      XL: |  1  2  3  4  5  6 |
---------------+-------------------+-----
Ranged Weapons | 5 6 |  6.8
Long Blades    | 1 2 |  2.3
Fighting       | |  2.1
Dodging        | |  1.7
Stealth        | |  1.2

Action                     |  1- 3 |  4- 6 || total
---------------------------+-------+-------++-------
  Melee: Long sword        |       |    14 ||    14
   Fire: Shortbow          |    67 |    79 ||   146
Ability: Dig               |     1 |       ||     1
    Use: Scroll            |     4 |       ||     4
         Potion            |     1 |     6 ||     7
 Armour: Leather armour    |    10 |    14 ||    24
         Skin              |       |     8 ||     8
  Dodge: Dodged            |    18 |    48 ||    66

Table legend: (Time is in decaauts)
 A = Elapsed time spent in this place.
 B = Non-inter-level travel time spent in this place.
 C = Inter-level travel time spent in this place.
 D = Time resting spent in this place.
 E = Time spent auto-exploring this place.
 F = Levels seen in this place.
 G = Mean time per level.
                   A        B        C        D        E       F      G
               +--------+--------+--------+--------+--------+-----+--------+
         Total |   2377 |   2308 |     69 |     37 |   1873 |   3 |  792.3 |
       Dungeon |   2377 |   2308 |     69 |     37 |   1873 |   3 |  792.3 |
               +--------+--------+--------+--------+--------+-----+--------+

Top non-repeatable levels by time:
     D:1: 860 daAuts
     D:3: 812 daAuts
     D:2: 704 daAuts
